AoeStats
← HankScorpio006

Black Forest

505712668Analyzed
4v4 RM · 20d ago on Sep 10, 2026· 49m 42s· 8 players
Game mode
Random Map
Map size
Large (8 player)
Population
200
Speed
Normal
Resources
Standard
Victory
Conquest
Starting age
Dark Age
Ending age
Imperial Age
RankedLock teamsTeams togetherTeam positionsShared explorationLock speedFull tech treeHidden civsTurbo modeCheats
Victory
Defeat
🇺🇸 Wei · United States
1086
+14
🇮🇪 Persians · Ireland
1069
+14
🇵🇪 Franks · Peru
1060
+15
🇷🇴 Celts · Romania
1056
+15
🇮🇳 Celts · India
1067
-15
🇬🇧 Lithuanians · United Kingdom
1045
-15
🇨🇴 Muisca · Colombia
1013
-14
🇨🇦 Britons · Canada
1011
-14
HankScorpio006
4:45 Loom
12:21 Feudal Age
16:32 Castle Age
14:24 Double-Bit Axe
14:22 Horse Collar
22:04 Wheelbarrow
21:33 Heavy Plow
23:41 Fishing Lines
25:34 Bow Saw
25:14 Gold Mining
25:53 Gillnets
27:33 Gold Shaft Mining
27:05 Scale Barding Armor
27:13 Forging
30:37 Imperial Age
28:48 Chain Barding Armor
28:42 Bloodlines
28:37 Husbandry
30:25 Iron Casting
30:36 Cavalier
32:58 Plate Barding Armor
33:29 Conscription
35:13 Blast Furnace
34:13 Savar
35:52 Heavy Camel Rider
36:09 Pikeman
36:45 Halberdier
37:25 Squires
38:02 Scale Mail Armor
39:08 Stone Mining
40:21 Two-Man Saw
40:24 Chain Mail Armor
42:16 Stone Shaft Mining
41:13 Light Cavalry
43:36 Chemistry
42:57 Ballistics
42:42 Kamandaran
43:19 Plate Mail Armor
43:42 Caravan
45:03 Fletching
44:58 Onager
47:57 Hussar
tracter3515
5:57 Loom
10:52 Feudal Age
14:00 Wheelbarrow
13:19 Double-Bit Axe
14:09 Arson
14:22 Horse Collar
15:31 Fishing Lines
15:25 Man-at-Arms
19:11 Scale Mail Armor
20:05 Forging
20:46 Stone Mining
20:47 Gold Mining
24:31 Castle Age
24:26 Bloodlines
25:27 Hand Cart
25:24 Bow Saw
25:16 Heavy Plow
25:54 Gold Shaft Mining
25:55 Stone Shaft Mining
25:26 Husbandry
26:30 Town Watch
27:52 Fortified Wall
37:27 Gillnets
38:31 Town Patrol
39:00 Scale Barding Armor
40:59 Masonry
40:30 Treadmill Crane
44:12 Imperial Age
41:58 Tuntian
44:08 Chain Barding Armor
44:39 Iron Casting
45:13 Conscription
44:17 Heavy Hei Guang Cavalry
45:33 Fletching
46:40 Crop Rotation
47:17 Blast Furnace
47:30 Bodkin Arrow
48:42 Chemistry
48:02 Ballistics
50:16 Chain Mail Armor
50:08 Murder Holes
Lupu` Dacic
12:49 Feudal Age
17:38 Castle Age
16:04 Double-Bit Axe
17:53 Gold Mining
17:51 Fishing Lines
18:40 Bow Saw
19:48 Stone Mining
19:49 Horse Collar
22:42 Wheelbarrow
22:36 Gillnets
22:55 Heavy Plow
24:35 Hand Cart
30:16 Imperial Age
27:37 Town Watch
27:38 Loom
28:25 Scale Barding Armor
28:11 Treadmill Crane
28:54 Ballistics
29:41 Town Patrol
30:55 Scale Mail Armor
31:05 Forging
31:56 Gold Shaft Mining
31:42 Capped Ram
32:48 Conscription
32:27 Siege Ram
33:52 Elite Woad Raider
34:58 Chain Mail Armor
36:48 Plate Mail Armor
35:42 Pikeman
37:34 Iron Casting
37:24 Halberdier
38:50 Heavy Scorpion
41:30 Furor Celtica
42:08 Arson
43:29 Blast Furnace
46:05 Onager
ang
7:33 Loom
12:09 Feudal Age
15:44 Castle Age
14:46 Double-Bit Axe
23:27 Gold Mining
25:46 Bow Saw
27:33 Scale Barding Armor
27:38 Forging
32:44 Gold Shaft Mining
36:02 Imperial Age
33:47 Husbandry
33:08 Light Cavalry
34:49 Wheelbarrow
34:42 Stone Mining
35:50 Chain Barding Armor
36:47 Cavalier
40:08 Chemistry
38:52 Paladin
40:12 Plate Barding Armor
41:25 Hand Cart
40:57 Town Watch
42:34 Chivalry
Coalpool6926
11:38 Feudal Age
13:06 Double-Bit Axe
13:56 Horse Collar
16:19 Castle Age
17:33 Bow Saw
23:17 Heavy Plow
24:59 Wheelbarrow
28:38 Imperial Age
26:30 Hand Cart
27:18 Treadmill Crane
27:30 Loom
27:32 Town Watch
28:29 Ballistics
29:39 Scale Barding Armor
29:45 Forging
29:48 Husbandry
30:03 Bloodlines
29:42 Cavalier
31:00 Conscription
31:22 Crop Rotation
31:44 Chain Barding Armor
32:00 Iron Casting
32:04 Masonry
31:50 Murder Holes
32:40 Paladin
34:56 Plate Barding Armor
42:27 Caravan
44:30 Fletching
44:41 Padded Archer Armor
46:41 Bodkin Arrow
47:02 Leather Archer Armor
48:08 Coinage
BiggM4k
0:51 Loom
12:35 Feudal Age
13:53 Double-Bit Axe
17:53 Gold Mining
18:33 Fletching
18:44 Padded Archer Armor
23:23 Castle Age
23:49 Crossbowman
24:41 Bodkin Arrow
26:01 Wheelbarrow
26:25 Ballistics
33:38 Medium Warships
34:22 Stone Mining
34:15 Horse Collar
34:48 Bow Saw
35:09 Fortified Wall
39:31 Gold Shaft Mining
42:44 Imperial Age
40:41 Town Watch
42:09 Masonry
44:11 Heavy Warships
43:52 Bracer
44:34 Yeomen
45:46 Chemistry
dushyanthkuthati
0:55 Loom
16:13 Feudal Age
17:32 Wheelbarrow
17:16 Horse Collar
17:29 Double-Bit Axe
20:45 Castle Age
18:39 Gold Mining
22:06 Hand Cart
33:41 Imperial Age
32:17 Heavy Plow
32:34 Bow Saw
34:01 Capped Ram
37:12 Heavy Scorpion
39:29 Chemistry
38:21 Fishing Lines
41:59 Siege Ram
larrery
0:37 Loom
11:25 Feudal Age
17:06 Castle Age
15:33 Double-Bit Axe
17:05 Gold Mining
27:59 Fletching
27:47 Crossbowman
32:21 Imperial Age
30:31 Padded Archer Armor
30:51 Crossbowman
31:35 Horse Collar
32:20 Town Watch
33:14 Wheelbarrow
33:05 Bodkin Arrow
33:26 Leather Archer Armor
34:42 Bracer
35:13 Conscription
36:14 Arbalester
37:23 Herbalism
39:16 Chemistry
40:21 Scale Mail Armor
40:31 Forging
40:23 Stone Mining
41:17 Ballistics
42:15 Thumb Ring
43:48 Chain Mail Armor
43:56 Bow Saw
45:02 Iron Casting
45:17 Squires
44:38 Pikeman
46:21 Plate Mail Armor
46:13 Hand Cart
Connection lost

Rejoining the realm…

Still unreachable

The connection could not be restored.

Session expired

The server has moved on; the page needs a fresh start.